Map: Eternal Empire LE

Players

Neeb - Winner!

  • Race: Protoss Protoss
  • Spawn Location: 7:00

LiquidTLO (TLO)

  • Race: Zerg Zerg
  • League: Master
  • Spawn Location: 1:00

Event: DreamHack SC2 Masters 2020 Summer North America

VOD

Have the link to the VOD?

Description

Time

  • Played on: July 3, 2020, 3:55 p.m.
  • Length: 7:51

All games in this series

Show
View Real Time Build Order
Export as new Build Order

Neeb Protoss - Winner!

Build Orders: 1 Gate Expand, Oracle Opening, Phoenix Opening 

Get SALT Encoding   

  12  0:00  Probe  
  13  0:12  Probe  
  14  0:19  Pylon  
  14  0:24  Probe  
  15  0:34  Probe  
  15  0:42  Gateway  
  16  0:43  Probe  
  17  0:50  Assimilator  
  17  0:53  Probe  
  18  1:05  Probe  
  19  1:18  Probe  
  20  1:28  Nexus  
  20  1:38  Cybernetics Core  
  20  1:39  Probe  
  21  1:48  Assimilator  
  21  1:51  Probe  
  22  1:54  Pylon  
  22  2:00  Probe  
  22  2:04  Adept  
  23  2:08  Probe  
  26  2:18  Probe  
  27  2:25  Stargate  
  27  2:26  Adept  
  27  2:30  Probe  
  27  2:31  Warp Gate  
  30  2:41  Probe  
  30  2:43  Probe  
  32  2:53  Probe  
  32  2:55  Probe  
  32  2:56  Gateway  
  34  3:01  Phoenix  
  34  3:05  Probe  
  35  3:07  Probe  
  38  3:15  Pylon  
  38  3:17  Probe  
  39  3:20  Probe  
  39  3:23  Oracle  
  43  3:29  Probe  
  43  3:30  Assimilator  
  43  3:34  Assimilator  
  44  3:35  Probe  
  45  3:41  Probe  
  45  3:42  Gateway  
  45  3:47  Probe  
  47  3:53  Probe, Pylon  
  47  3:54  Adept  
  48  4:00  Oracle  
  51  4:06  Gateway  
  51  4:08  Probe  
  51  4:09  Probe  
  53  4:18  Twilight Council  
  53  4:20  Probe, Pylon  
  53  4:21  Pylon  
  54  4:26  Cybernetics Core  
  54  4:28  Resonating Glaives  
  54  4:29  Pylon  
  54  4:35  Gateway  
  54  4:38  Probe  
  55  4:41  Probe  
  56  4:50  Probe  
  57  4:53  Probe  
  58  5:02  Nexus, Probe  
  59  5:08  Pylon  
  59  5:15  Probe  
  59  5:16  Adept x3  
  59  5:20  Adept  
  68  5:23  Robotics Facility  
  68  5:26  Probe  
  68  5:27  Pylon  
  70  5:36  Adept x2  
  70  5:40  Adept x2  
  77  5:44  Probe  
  77  5:46  Adept  
  77  5:47  Pylon  
  77  5:48  Probe  
  81  5:56  Probe  
  82  5:59  Sentry  
  82  6:00  Pylon, Probe  
  82  6:03  Immortal, Shield Battery  
  85  6:08  Probe  
  85  6:10  Sentry x3  
  92  6:12  Probe  
  97  6:21  Forge, Probe  
  97  6:23  Probe  
  99  6:34  Probe  
  99  6:35  Immortal  
  100  6:42  Probe  
  100  6:43  Probe  
  100  6:45  Assimilator  
  100  6:46  Assimilator, Probe  
  107  6:54  Probe  
  107  6:56  Probe  
  107  6:58  Probe  
  107  7:00  Gateway  
  108  7:01  Gateway  
  108  7:03  Pylon x2  
  108  7:08  Photon Cannon, Probe  
  109  7:10  Shield Battery  
  109  7:12  Sentry, Stalker  
  113  7:20  Stalker x2  
  117  7:22  Stalker  
  119  7:37  Adept x2  
  104  7:38  Probe x2  
Show
View Real Time Build Order
Export as new Build Order

LiquidTLO Zerg 

Build Orders: Hatch First 

Get SALT Encoding   

  12  0:00  Drone  
  13  0:12  Overlord  
  13  0:17  Drone  
  14  0:30  Drone x2  
  16  0:46  Drone  
  18  0:50  Drone  
  18  1:00  Drone  
  19  1:04  Hatchery  
  19  1:05  Extractor  
  17  1:16  Spawning Pool  
  16  1:18  Drone  
  16  1:22  Drone  
  18  1:29  Drone  
  19  1:39  Drone  
  20  1:50  Overlord  
  20  2:02  Queen  
  20  2:07  Metabolic Boost  
  22  2:10  Zergling x2  
  23  2:15  Queen  
  23  2:16  Zergling x2  
  23  2:21  Drone  
  27  2:24  Drone  
  27  2:28  Drone  
  29  2:41  Hatchery  
  28  2:46  Drone  
  28  2:48  Overlord  
  30  2:51  Zergling x2  
  30  2:56  Zergling x2  
  31  2:59  Drone  
  31  3:02  Drone  
  33  3:05  Overlord  
  33  3:13  Zergling x8  
  37  3:20  Zergling x4  
  37  3:26  Overlord, Spore Crawler  
  39  3:27  Drone  
  39  3:29  Queen  
  39  3:31  Drone  
  39  3:33  Drone  
  44  3:36  Drone  
  44  3:40  Overlord  
  45  3:45  Drone x2  
  44  3:55  Queen x2  
  44  3:56  Drone  
  44  4:00  Drone  
  44  4:01  Drone  
  44  4:02  Drone  
  51  4:04  Drone  
  51  4:09  Drone  
  50  4:11  Drone  
  50  4:12  Drone  
  50  4:16  Overlord  
  52  4:19  Drone  
  52  4:21  Drone  
  52  4:23  Drone x2  
  56  4:25  Spore Crawler x2  
  56  4:28  Drone, Spore Crawler  
  56  4:30  Drone  
  53  4:33  Drone  
  53  4:35  Drone  
  53  4:37  Drone  
  56  4:39  Drone  
  56  4:41  Drone  
  56  4:44  Drone x2  
  60  4:48  Drone  
  60  4:52  Drone x2  
  63  4:53  Drone x2  
  63  4:56  Overlord  
  65  5:01  Roach Warren  
  65  5:03  Lair  
  65  5:06  Overlord  
  65  5:07  Zergling x2  
  65  5:08  Overlord  
  65  5:10  Drone  
  65  5:11  Drone  
  65  5:12  Drone  
  66  5:15  Drone  
  66  5:16  Drone x2  
  66  5:19  Drone  
  66  5:20  Drone  
  71  5:22  Drone  
  71  5:23  Drone  
  71  5:27  Drone, Extractor  
  71  5:28  Drone, Extractor  
  72  5:30  Drone, Extractor  
  72  5:31  Drone  
  72  5:32  Extractor  
  72  5:33  Drone, Extractor  
  72  5:35  Drone  
  74  5:36  Drone x2  
  76  5:43  Drone  
  76  5:45  Hatchery, Drone  
  76  5:46  Drone  
  78  5:52  Roach  
  79  5:59  Drone  
  79  6:00  Drone  
  81  6:05  Overseer  
  81  6:06  Roach  
  81  6:07  Roach, Drone  
  81  6:09  Queen x2  
  90  6:13  Overlord  
  90  6:14  Spine Crawler  
  90  6:15  Overlord  
  90  6:17  Zergling x4, Spine Crawler  
  90  6:20  Spine Crawler  
  90  6:22  Roach, Nydus Network  
  90  6:29  Roach x2  
  90  6:31  Roach x2  
  91  6:33  Roach x4  
  91  6:36  Roach x2  
  91  6:38  Roach  
  100  6:42  Roach  
  100  6:44  Roach  
  104  6:50  Roach  
  104  6:51  Overlord  
  104  6:52  Overlord  
  102  6:57  Roach x2, Overlord  
  102  7:00  Nydus Canal  
  98  7:01  Overseer  
  98  7:02  Roach  
  98  7:04  Roach  
  98  7:06  Roach  
  98  7:08  Roach  
  104  7:11  Roach  
  104  7:13  Roach  
  108  7:16  Nydus Canal  
  108  7:18  Roach  
  108  7:20  Roach  
  112  7:23  Zergling x2  
  112  7:24  Ravager  
  112  7:25  Zergling x4  
Tags
 
Add a new tag
Caveats
  • Supply blocks, unpowered buildings, or Contaminate may cause inaccurate times.
  • Supply counts are checked every 10 seconds.